 Dungeon Crawl Stone Soup version 0.29.1-1-gd02db6906a (webtiles) character file.

Game seed: 1556559911558861480

2046 karrick the Shield-Bearer (level 9, -2/55 HPs)
             Began as a Gargoyle Fighter on Sept 24, 2022.
             Was a Follower of Okawaru.
             Slain by a wight
             ... wielding a +5 scimitar
              (13 damage)
             ... on level 6 of the Dungeon.
             The game lasted 00:13:23 (6762 turns).

karrick the Shield-Bearer (Gargoyle Fighter)        Turns: 6762, Time: 00:13:24

Health: -2/55      AC: 15    Str: 21    XL:     9   Next: 24%
Magic:  9/9        EV: 10    Int:  8    God:    Okawaru [*.....]
Gold:   336        SH: 11    Dex: 13    Spells: 8/8 levels left

rFire   + . .      SeeInvis +   O - +4 whip
rCold   . . .      Faith    .   c - +0 buckler
rNeg    + . .      Spirit   .   x - +1 leather armour {Will+}
rPois   ∞          Reflect  +   d - +1 helmet
rElec   +          Harm     .   H - +0 cloak
rCorr   .          Rampage  .   (no gloves)
Will    +....                   t - +0 pair of boots
Stlth   ++........              i - amulet of reflection
HPRegen 0.18/turn               L - ring of protection from fire
MPRegen 0.11/turn               D - ring of see invisible

@: mighty
A: sickness immunity, AC +6, negative energy resistance 1, electricity
resistance, torment resistance 1, petrification resistance
a: Renounce Religion, Heroism


You were on level 6 of the Dungeon.
You worshipped Okawaru.
Okawaru was aware of your devotion.
You visited 2 branches of the dungeon, and saw 8 of its levels.

You collected 336 gold pieces.

Inventory:

Hand Weapons
 a - a +0 flail
 q - a +2 whip of draining
 s - a +1 whip of electrocution
 I - a +0 vorpal hammer
 O - a +4 whip (weapon)
Missiles
 J - 2 boomerangs of dispersal (quivered)
Armour
 b - a +0 scale mail
 c - a +0 buckler (worn)
 d - a +1 helmet (worn)
 n - +0 shadow dragon scales
 t - a +0 pair of boots (worn)
 x - a +1 leather armour of willpower (worn)
 H - a +0 cloak (worn)
Jewellery
 i - an amulet of reflection (around neck)
 B - a ring of wizardry
 D - a ring of see invisible (right hand)
 L - a ring of protection from fire (left hand)
 M - a ring of magical power
 N - an amulet of magic regeneration
Wands
 w - a wand of flame (23)
 G - a wand of iceblast (20)
Scrolls
 f - 9 scrolls of identify {unknown}
 h - a scroll of fog {unknown}
 k - 3 scrolls of enchant armour {unknown}
 l - 3 scrolls of fear {unknown}
 m - 7 scrolls of teleportation {unknown}
 r - 4 scrolls of vulnerability {unknown}
 u - 2 scrolls of magic mapping {unknown}
 y - 2 scrolls of immolation {unknown}
 A - a scroll of torment {unknown}
 C - 3 scrolls of blinking {unknown}
 F - a scroll of amnesia {unknown}
Potions
 e - a potion of magic {unknown}
 g - a potion of ambrosia {unknown}
 j - a potion of lignification {unknown}
 o - a potion of attraction {unknown}
 p - 2 potions of curing {unknown}
 v - 3 potions of haste {unknown}
 z - a potion of might
 E - a potion of degeneration {unknown}
 K - 2 potions of brilliance {unknown}


   Skills:
 + Level 5.8 Fighting
 + Level 7.6 Maces & Flails
 + Level 5.3 Armour
 + Level 3.5 Stealth
 + Level 7.8 Shields


You had 8 spell levels left.
You didn't know any spells.
Your spell library contained the following spells:

 Spells                   Type           Power      Damage    Failure   Level
 Beastly Appendage        Tmut           0%         N/A       54%         1
 Wereblood                Tmut           0%         N/A       67%         2
 Spider Form              Tmut/Pois      0%         N/A       88%         3
 Sublimation of Blood     Necr           Unusable   N/A       N/A         2
 Summon Hydra             Summ           Unusable   N/A       N/A         7

Dungeon Overview and Level Annotations

Branches:
Dungeon (7/15)             Temple (1/1) D:5

Altars:
Ashenzari
Cheibriados
Dithmenos
Hepliaklqana
Kikubaaqudgha
Makhleb
Nemelex Xobeh
Okawaru
Ru
Sif Muna
Uskayaw
Wu Jian
Xom
Yredelemnul
The Shining One

Shops:
D:3 !   D:4 :   D:5 (

Annotations:
D:4 3 runed translucent doors, Eustachio; Grinder; Icepheonix32's ghost, amateur MiFi; avis's ghost, amateur DgHu; turdburglar's ghost, amateur DsGl


Innate Abilities, Weirdness & Mutations

You are immune to sickness and miasma.
Your stone body is resilient. (AC +6)
You are immune to poison.
You resist negative energy. (rN+)
You are resistant to electric shocks. (rElec)
You are resistant to unholy torment.
You are immune to petrification.


Message History

You now have 331 gold pieces (gained 12).
Found a robe.
You open the door.
There is an open door here.
You see here a +0 robe.
You now have 336 gold pieces (gained 5).
Found an escape hatch in the ceiling.
You open the door. 4 wights come into view.
A wight is wielding a +5 scimitar and wearing a +2 robe of fire resistance.
A wight is wielding a +0 short sword and wearing a +2 robe of positive energy.
There are monsters nearby!
You completely miss the wight. You block the wight's attack.
The wight attacks as you move away! You block the wight's attack.
The wight hits you but does no damage.
You hit the wight.
The wight is lightly damaged.
You block the wight's attack. x2
The wight attacks as you move away! You block the wight's attack.
There is an escape hatch in the ceiling here.
The wight hits you with a +4 morningstar.
A mysterious force pulls you upwards. The hatch slams shut behind you.
The wight attacks as you move away! The wight hits you with a +5 scimitar.
The wight hits you with a +4 morningstar!
The wight attacks as you move away! You block the wight's attack.
You block the wight's attack. The wight attacks as you move away!
The wight hits you with a +4 morningstar.
The wight attacks as you move away! You block the wight's attack.
The wight attacks as you move away! You block the wight's attack.
The wight attacks as you move away! The wight hits you with a +5 scimitar!
The wight attacks as you move away! You block the wight's attack.
The wight attacks as you move away! The wight hits you with a +5 scimitar!
The wight attacks as you move away!
The wight hits you with a +4 morningstar!
* * * LOW HITPOINT WARNING * * *
Okay, then.
The wight attacks as you move away! You block the wight's attack.
You feel very mighty all of a sudden. The wight hits you with a +5 scimitar!
You die...

..)..........#.# #.......#.
'#######'##....# #.......#. ..##
##...###### #########.
...###.....## #... ....#.......#
##... ....#.......# ##....
(...#...:...# #####.....
...###.....#############.....#...
..##.##...##..zz@........########
###...#####....###########
..............## ..............#
..............# ......[.......#
.............## #.....#.....##
#############


You could see 2 wights.

Vanquished Creatures
  An ice beast (D:5)
  2 black bears (D:6)
  A centaur (D:5)
  3 phantoms (D:6)
  2 bullfrogs
  3 scorpions
  A gnoll sergeant (D:6)
  2 necrophages
  A howler monkey (D:5)
  4 hounds
  Crazy Yiuf (D:3)
  A jelly (D:6)
  4 orc priests
  Ijyb (D:3)
  Natasha (thrice) (D:3)
  7 iguanas
  6 orc wizards
  Robin (D:2)
  3 gnolls (D:6)
  4 adders
  A white imp (D:5)
  An ufetubus (D:5)
  6 worms
  3 dart slugs
  12 orcs
  13 ball pythons
  6 bats
  4 endoplasms
  2 giant cockroaches
  15 goblins (D:2)
  5 hobgoblins
  7 jackals
  2 quokkas
  2 frilled lizards
  4 kobolds
  8 rats
142 creatures vanquished.

Vanquished Creatures (others)
  9 plants
  4 withered plants (D:4)
13 creatures vanquished.

Grand Total: 155 creatures vanquished

Notes
Turn   | Place    | Note
-------+----------+-------------------------------------------
     0 | D:1      | karrick the Gargoyle Fighter began the quest for the Orb.
     0 | D:1      | Reached XP level 1. HP: 14/14 MP: 1/1
   215 | D:1      | Reached XP level 2. HP: 14/19 MP: 2/2
   666 | D:2      | Reached XP level 3. HP: 24/24 MP: 3/3
   694 | D:2      | Noticed Robin
   751 | D:2      | Killed Robin
   942 | D:2      | Found a faded altar of an unknown god.
   985 | D:2      | Reached XP level 4. HP: 29/29 MP: 4/4
  1676 | D:3      | Noticed Natasha
  1687 | D:3      | Killed Natasha
  1704 | D:3      | Reached XP level 5. HP: 13/33 MP: 5/5
  1712 | D:3      | Noticed Natasha
  1732 | D:3      | Killed Natasha
  1986 | D:3      | Noticed Natasha
  2024 | D:3      | Killed Natasha
  2276 | D:3      | Found a basalt altar of Yredelemnul.
  2326 | D:3      | Found Isav's Distillery.
  2405 | D:3      | Noticed Ijyb
  2423 | D:3      | Killed Ijyb
  2424 | D:3      | Reached XP level 6. HP: 30/38 MP: 6/6
  2658 | D:3      | Found a runed translucent door.
  2659 | D:3      | Noticed Crazy Yiuf
  2990 | D:4      | Found a runed translucent gate.
  2990 | D:4      | Found a runed translucent gate.
  2991 | D:4      | Found a runed translucent gate.
  2993 | D:4      | Noticed turdburglar's ghost (amateur DsGl)
  2993 | D:4      | Noticed Icepheonix32's ghost (amateur MiFi)
  2993 | D:4      | Noticed avis's ghost (amateur DgHu)
  3171 | D:4      | Found Wotel's Book Shop.
  3355 | D:4      | Noticed Grinder
  3405 | D:5      | Entered Level 5 of the Dungeon
  3453 | D:5      | Found a broken altar of Ashenzari.
  3454 | D:5      | Noticed an ice beast
  3461 | D:5      | Killed an ice beast
  3464 | D:5      | Reached skill level 1 in Stealth
  3464 | D:5      | Reached skill level 5 in Shields
  3464 | D:5      | Reached XP level 7. HP: 44/44 MP: 7/7
  3468 | D:5      | Reached skill level 5 in Maces & Flails
  3941 | D:5      | Found a staircase to the Ecumenical Temple.
  3983 | Temple   | Entered the Ecumenical Temple
  4301 | Temple   | Became a worshipper of Warmaster Okawaru
  4403 | D:5      | Found Ottas's Antique Weapon Boutique.
  4421 | D:5      | Reached skill level 5 in Fighting
  4421 | D:5      | Reached XP level 8. HP: 18/49 MP: 8/8
  4830 | D:3      | Killed Crazy Yiuf
  4931 | D:4      | Reached skill level 5 in Armour
  5031 | D:4      | Noticed Eustachio
  5764 | D:6      | Reached * piety under Okawaru
  5946 | D:6      | Reached XP level 9. HP: 43/54 MP: 9/9
  6762 | D:6      | Slain by a wight

Illustrated notes

Levels and vault maps discovered:
D:1:      minmay_arrival_doors, layout_rooms
D:2:      minmay_razor_zed, layout_rooms, serial_forest,
          infiniplex_forest_end_2, infiniplex_forest_straight_1,
          infiniplex_forest_clump_diagonal, infiniplex_forest_clump_C,
          infiniplex_forest_end_2, infiniplex_forest_lined_ring,
          infiniplex_forest_clump_tiny, infiniplex_forest_clump_diagonal,
          ebering_ecumenical_altar_abandoned, nicolae_kite_square_tiling_tiny,
          uniq_robin
D:3:      layout_rooms, mainiacjoe_overflow_paths, serial_corexii_hall,
          chequers_hall_statues_wall_a, corexii_hall_statues_i, serial_shops,
          shop, st_stairs_6, minmay_close_crescents, uniq_ijyb,
          uniq_crazy_yiuf_cottage, uniq_natasha
D:4:      layout_loops_ring, gammafunk_temple_overflow_pools,
          gammafunk_ghost_cemetery, serial_shops, nicolae_shop_hallway_stairs,
          kennysheep_generic_room_4, uniq_eustachio, uniq_grinder
D:5:      layout_basic, ashenzari_altar_1, minmay_temple_entry_gardened_gates,
          serial_shops, nicolae_take_the_stairs, kennysheep_generic_room_9
D:6:      kennysheep_six_static_rooms, layout_rooms
D:7:      layout_gridville, nicolae_gozag_cash_rules_everything_around_me,
          minmay_misc_feat_four_crosses, minmay_holes
Temple:   compressed_dpeg_triangle_lava_temple

Skill      XL: |  1  2  3  4  5  6  7  8 |
---------------+-------------------------+-----
Maces & Flails | 3 4 5 7 |  7.6
Armour         | 4 5 |  5.3
Fighting       | 4 5 |  5.8
Shields        | 4 5 7 |  7.8
Stealth        | 1 3 |  3.5

Action                   |  1- 3 |  4- 6 |  7- 9 || total
-------------------------+-------+-------+-------++-------
Melee: Flail             |   106 |    57 |       ||   163
       Whip              |       |   162 |   299 ||   461
  Use: Potion            |     2 |     1 |     2 ||     5
Armor: Scale mail        |    59 |    64 |       ||   123
       Leather armour    |       |     9 |   110 ||   119
Dodge: Dodged            |    47 |    71 |    91 ||   209
Block: Buckler           |    58 |    97 |   130 ||   285
       Reflection        |     2 |     3 |     3 ||     8
